 Dungeon Crawl Stone Soup version 0.17.1-1-g73c8601 (webtiles) character file.

2709 Andry07 the Skirmisher (level 9, -11/50 HPs)
             Began as a Vine Stalker Fighter on Dec 31, 2015.
             Was an Initiate of the Shining One.
             Engulfed by a cloud of flame (18 damage)
             ... on level 7 of the Dungeon.
             The game lasted 00:13:01 (5634 turns).

Andry07 the Skirmisher (Vine Stalker Fighter)       Turns: 5634, Time: 00:13:01

Health: -11/50     AC: 10    Str: 22    XL:     9   Next: 66%
Magic:  0/10       EV:  8    Int:  8    God:    the Shining One [......]
Gold:   310        SH: 11    Dex: 17    Spells: 0 memorised, 8 levels left

rFire  . . .     SeeInvis .     a - +0 long sword
rCold  + . .     Clarity  .     b - +0 scale mail
rNeg   . . .     SustAt   .     c - +0 shield
rPois  .         Gourm    .     r - +3 helmet of Hide-and-Seek {-Cast rElec rC+ Dex+3}
rElec  +         Spirit   +     (no cloak)
rCorr  .         Warding  .     (no gloves)
rMut   .         Stasis   .     (no boots)
MR     +....     NoCast   +     (no amulet)
Stlth  ..........               (no ring)
                                (no ring)

@: somewhat resistant to hostile enchantments, extremely unstealthy
A: fangs 3, regeneration 2, magic shield, antimagic bite, no device heal 3, rot
immunity
a: Renounce Religion


You were on level 7 of the Dungeon.
You worshipped the Shining One.
The Shining One was noncommittal.
You were not hungry.

You visited 2 branches of the dungeon, and saw 8 of its levels.

You collected 310 gold pieces.

Inventory:

Hand Weapons
 a - a +0 long sword (weapon)
Armour
 b - a +0 scale mail (worn)
 c - a +0 shield (worn)
 r - the +3 helmet of Hide-and-Seek (worn) {-Cast rElec rC+ Dex+3}
   (You found it on level 7 of the Dungeon)

   It affects your dexterity (+3).
   It protects you from cold.
   It insulates you from electricity.
   It prevents spellcasting.
Scrolls
 g - 2 scrolls of noise
 m - 2 scrolls of fog
 n - 2 scrolls of remove curse
 q - a scroll of fear
 w - a scroll of amnesia
 y - 2 scrolls of enchant weapon
 B - a scroll of magic mapping
Potions
 d - 2 potions of might
 f - 2 potions of heal wounds {unknown}
 h - 2 potions of beneficial mutation {unknown}
 i - 5 potions of curing
 j - a potion of magic {unknown}
 l - 3 potions of haste {unknown}
 p - 2 potions of resistance
 s - 2 potions of degeneration {unknown}
 t - 2 potions of poison {unknown}
 u - a potion of invisibility
 x - 2 potions of agility {unknown}
Comestibles
 e - 9 bread rations
 k - a beef jerky
 o - a slice of pizza
 v - a meat ration
 C - 5 chunks of flesh


   Skills:
 + Level 7.5 Fighting
 + Level 6.9 Long Blades
 - Level 2.4 Armour
 + Level 7.3 Shields


You had 8 spell levels left.
You didn't know any spells.

Dungeon Overview and Level Annotations

Branches:
Dungeon (7/15)             Temple (1/1) D:6

Altars:
Ashenzari
Cheibriados
Dithmenos
Elyvilon
Fedhas
Gozag
Kikubaaqudgha
Makhleb
Nemelex Xobeh
Okawaru
Qazlal
Ru
Sif Muna
Trog
Vehumet
Xom
Yredelemnul
Zin
The Shining One
Jiyva

Annotations:
D:6 Schwarzlicht's ghost, novice MiBe


Innate Abilities, Weirdness & Mutations

You have razor-sharp teeth.
You heal very quickly.
When hurt, damage is shared between your health and your magic reserves.
Your bite disrupts and absorbs the magic of your enemies.
Potions and wands cannot restore your health.
You are immune to rotting.


Message History

You block the sky beast's attack.
Read which item? (? for menu, Esc to quit)
As you read the scroll labeled KOTHAFEECI, it crumbles to dust.
The creatures around you are filled with an inner flame!
It was a scroll of immolation.
The sky beast hits you but does no damage.
You closely miss the sky beast.
The sky beast is almost dead.
You block the sky beast's attack.
Press: ? - help, v - describe, . - travel A rock wall.
You slash the sky beast!
The sky beast explodes!
The fiery explosion engulfs the cyclops.
The cyclops is heavily wounded.
The fiery explosion engulfs you!
Ouch! That really hurt!
* * * LOW HITPOINT WARNING * * *
You are engulfed in roaring flames.
You die...

###≈..§§.≈# ###
#..≈..H..≈# #.#
#..≈≈...≈≈ #.#
#...≈≈≈≈≈ #.#
#....#.# #.#
#....C.# #.#
#...Y# #.#
#....# #.#
#...(########@#
#..........C§§#
####.##########
#.# #.# ####
#.# ...# #.#
...####.#
........#


You could see a cyclops (inner flame).

Vanquished Creatures
  Pikel (D:4)
  A spriggan (D:7)
  Menkaure (D:5)
  2 sky beasts
  A phantom (D:6)
  2 orc warriors
  2 centaurs (D:6)
  4 ogres
  A giant frog (D:6)
  A scorpion (D:6)
  4 hounds
  A jelly (D:4)
  6 orc wizards
  A giant frog skeleton (D:5)
  Crazy Yiuf (D:4)
  2 iguanas
  3 orc priests
  3 worker ants (D:4)
  2 sheep (D:7)
  A hound skeleton (D:6)
  4 gnolls (D:4)
  8 adders
  3 oozes (D:4)
  An adder zombie (D:7)
  2 adder skeletons
  4 worms
  3 giant geckos
  24 orcs
  3 ball pythons
  6 bats
  4 giant cockroaches
  10 hobgoblins
  8 jackals
  3 kobolds
  3 giant newts
  4 goblins
  A quokka skeleton (D:7)
  6 rats
  A plant (D:3)
138 creatures vanquished.

Vanquished Creatures (others)
  A necrophage (D:7)
  A slave (D:4)
  A sky beast (D:7)
  A phantom (D:4)
  A centaur (D:7)
  A giant frog (D:7)
  A centaur skeleton (D:7)
  A worker ant (D:7)
8 creatures vanquished.

Grand Total: 146 creatures vanquished

Notes
Turn   | Place    | Note
--------------------------------------------------------------
     0 | D:1      | Andry07 the Vine Stalker Fighter began the quest for the Orb.
     0 | D:1      | Reached XP level 1. HP: 11/11 MP: 2/2
   177 | D:1      | Reached XP level 2. HP: 16/16 MP: 3/3
   242 | D:1      | Reached skill level 3 in Fighting
   821 | D:2      | Reached XP level 3. HP: 20/20 MP: 4/4
  1359 | D:2      | Reached XP level 4. HP: 22/24 MP: 5/5
  1619 | D:3      | Found an opulent altar of Gozag.
  1668 | D:3      | Found a burning altar of Makhleb.
  1686 | D:3      | Found a stormy altar of Qazlal.
  2087 | D:4      | Noticed an ogre
  2237 | D:4      | Reached XP level 5. HP: 16/29 MP: 3/6
  2377 | D:4      | Reached skill level 4 in Fighting
  2611 | D:4      | Noticed an ogre
  2616 | D:4      | Killed an ogre
  2616 | D:4      | Gained mutation: You heal very quickly. [Vine Stalker growth]
  2616 | D:4      | Reached XP level 6. HP: 28/33 MP: 7/7
  2670 | D:4      | Noticed Pikel
  2670 | D:4      | Noticed a slave
  2670 | D:4      | Noticed a slave
  2671 | D:4      | Noticed a slave
  2671 | D:4      | Noticed a slave
  2706 | D:4      | Killed Pikel
  2706 | D:4      | Reached skill level 5 in Fighting
  2706 | D:4      | Reached skill level 5 in Shields
  2706 | D:4      | Reached XP level 7. HP: 12/39 MP: 3/8
  2726 | D:4      | Killed a phantom
  2814 | D:4      | Killed a freed slave
  2866 | D:4      | Killed an ogre
  2866 | D:4      | Gained mutation: You have razor-sharp teeth. [Vine Stalker growth]
  2866 | D:4      | Reached XP level 8. HP: 18/44 MP: 3/9
  3012 | D:4      | Found a shadowy altar of Dithmenos.
  3095 | D:4      | Noticed Crazy Yiuf
  3100 | D:4      | Killed Crazy Yiuf
  3147 | D:5      | Entered Level 5 of the Dungeon
  3147 | D:5      | Found a viscous altar of Jiyva.
  3156 | D:4      | Reached skill level 5 in Long Blades
  3390 | D:5      | Noticed Menkaure
  3407 | D:5      | Killed Menkaure
  3407 | D:5      | Reached skill level 6 in Fighting
  3602 | D:5      | Found a blossoming altar of Fedhas.
  3704 | D:5      | Found a glowing silver altar of Zin.
  3752 | D:5      | Found a glowing golden altar of the Shining One.
  3760 | D:5      | Became a worshipper of the Shining One
  3850 | D:5      | HP: 1/44 [ogre/giant club (20)]
  3985 | D:6      | Reached XP level 9. HP: 23/49 MP: 10/10
  4106 | D:6      | Noticed Schwarzlicht's ghost (novice MiBe)
  4534 | D:6      | Found a deep blue altar of Sif Muna.
  4552 | D:6      | Reached skill level 7 in Fighting
  4707 | D:6      | Found a staircase to the Ecumenical Temple.
  4952 | Temple   | Entered the Ecumenical Temple
  5119 | D:7      | Noticed a cyclops
  5206 | D:7      | Got a jewelled helmet
  5212 | D:7      | Identified the +3 helmet of Hide-and-Seek {-Cast rElec rC+ Dex+3} (You found it on level 7 of the Dungeon)
  5610 | D:7      | Found a shimmering altar of Xom.
  5634 | D:7      | Engulfed by a cloud of flame

Action                   |  1- 3 |  4- 6 |  7- 9 || total
-------------------------+-------+-------+-------++-------
Melee: Long sword        |   113 |    74 |   212 ||   399
       Rapier            |       |    47 |    86 ||   133
  Use: Scroll            |       |       |    11 ||    11
  Eat: Chunk             |     1 |     5 |     8 ||    14
       Beef jerky        |       |       |     1 ||     1
